 Dungeon Crawl Stone Soup version 0.28-a0-1567-g1695149f81 (webtiles) character file.

Game seed: 3879381033867357582

119 issech the Ducker (level 4, -5/44 HPs)
             Began as a Troll Fighter on Jan 20, 2022.
             Killed from afar by a white imp (12 damage)
             ... with a puff of frost
             ... summoned by Natasha
             ... on level 2 of the Dungeon.
             The game lasted 00:05:23 (1571 turns).

issech the Ducker (Troll Fighter)                   Turns: 1571, Time: 00:05:24

Health: -5/44      AC:  4    Str: 24    XL:     4   Next: 73%
Magic:  3/3        EV:  9    Int:  4    God:
Gold:   51         SH:  7    Dex: 11    Spells: 3/3 levels left

rFire   + . .      SeeInvis .   a - +0 flail
rCold   x . .      Faith    .   c - +0 kite shield
rNeg    . . .      Spirit   .   b - +0 robe
rPois   .          Reflect  .   (helmet restricted)
rElec   .          Harm     .   (no cloak)
rCorr   .          Rampage  .   (gloves unavailable)
Will    .....                   (boots unavailable)
Stlth   +.........              (no amulet)
HPRegen 0.94/turn               e - ring of fire
MPRegen 0.08/turn               (no ring)

@: slowed, very slow
A: large, unfitting armour, claws 3, regeneration 1, shaggy fur 1, tough skin 1
a: no special abilities


You were on level 2 of the Dungeon.
You visited 1 branch of the dungeon, and saw 2 of its levels.

You collected 51 gold pieces.

Inventory:

Hand Weapons
 a - a +0 flail (weapon)
 k - a +0 hunting sling
Missiles
 f - 45 arrows
 h - 6 poisoned darts (quivered)
 i - 46 stones
Armour
 b - a +0 robe (worn)
 c - a +0 kite shield (worn)
Jewellery
 e - a ring of fire (left claw)
Potions
 d - a potion of might
 g - a potion of berserk rage
 j - a potion of flight


   Skills:
 + Level 2.8 Fighting
 + Level 2.6 Maces & Flails
 + Level 3.2 Dodging
 + Level 3.1 Shields


You had 3 spell levels left.
You didn't know any spells.
Your spell library was empty.

Dungeon Overview and Level Annotations

Branches:
Dungeon (2/15)

Altars:

Annotations:
D:2 Natasha


Innate Abilities, Weirdness & Mutations

You are too large for most types of armour.
You have claws for hands.
Your natural rate of healing is unusually fast.
You are covered in fur. (AC +1)
You have tough skin. (AC +1)


Message History

You sock Natasha!
Natasha is severely wounded.
The shadow imp closely misses you. Natasha casts a spell at you.
You feel yourself slow down. You block the shadow imp's attack.
You barely miss Natasha.
Natasha is severely wounded.
Natasha mumbles some strange words.
The shadow imp hits you but does no damage.
Natasha stares at you and mumbles some strange words.
The magic dart hits you. You block the shadow imp's attack.
You hit Natasha but do no damage.
Natasha is severely wounded.
Natasha drinks a potion.
Natasha is healed!
The shadow imp puffs mist at you. The shadow imp closely misses you.
The white imp gestures at you. The puff of frost hits you.
You feel a terrible chill! You block Natasha's attack. The shadow imp hits you.
You barely miss Natasha.
Natasha stares at you and mumbles some strange words.
The magic dart hits you! The shadow imp barely misses you.
Natasha zaps a wand.
The puff of flame hits you. You resist. The shadow imp barely misses you.
The white imp hits you but does no damage.
Natasha closely misses you.
You thump Natasha!
Natasha is severely wounded.
You block the shadow imp's attack. The white imp gestures at you.
The puff of frost hits you!
You feel a terrible chill!
* * * LOW HITPOINT WARNING * * *
Natasha barely misses you.
The shadow imp hits you but does no damage.
You block the white imp's attack. The shadow imp hits you.
* * * LOW HITPOINT WARNING * * *
Natasha closely misses you. You block the shadow imp's attack.
The white imp gestures at you. The puff of frost hits you!
You feel a terrible chill!
You die...

#..)#..............#.#######.###
##..##................# #...#
...####............#..#####.###
##.# #............>..##....#####
#..###..###...####.#..#..........
#.##...## #......................
#.#..######......................
#.............5..#...............
....##........h.@..###...........
...........>..5##..# ##..........
....##..........#..#####...##.###
....# <......#.#....####...#.##
##### ....... .#.##......#....# #
....... .#.######..###..# .......
...# #..# #### ....... .### ####
#.


You could see Natasha, a white imp (summoned) and a shadow imp (summoned).

Vanquished Creatures
  Natasha (D:2)
  A gnoll (D:1)
  3 adders
  2 bats
  An endoplasm (D:2)
  2 giant cockroaches (D:2)
  5 goblins
  7 hobgoblins
  12 jackals
  4 kobolds
  3 quokkas
  4 ball pythons
  2 frilled lizards (D:1)
  4 rats
51 creatures vanquished.

Notes
Turn   | Place    | Note
-------+----------+-------------------------------------------
     0 | D:1      | issech the Troll Fighter began the quest for the Orb.
     0 | D:1      | Reached XP level 1. HP: 22/22 MP: 0/0
    54 | D:1      | Found a faded altar of an unknown god.
   124 | D:1      | Reached XP level 2. HP: 24/29 MP: 1/1
   658 | D:1      | Reached XP level 3. HP: 35/36 MP: 2/2
  1221 | D:2      | Reached XP level 4. HP: 42/44 MP: 3/3
  1266 | D:2      | Noticed Natasha
  1279 | D:2      | Killed Natasha
  1559 | D:2      | Noticed Natasha
  1571 | D:2      | Killed from afar by a white imp

Illustrated notes

Levels and vault maps discovered:
D:1:      wander_arrival_abandoned_jail, layout_basic,
          hellmonk_ecumenical_altar_dog_temple
D:2:      layout_rooms, minmay_worlds_worst_comb, uniq_natasha

Skill      XL: |  1  2  3  4 |
---------------+-------------+-----
Maces & Flails | 2 |  2.6
Dodging        | 3 |  3.2
Shields        | 3 |  3.1
Fighting       | |  2.8

Action                   |  1- 3 |  4- 6 || total
-------------------------+-------+-------++-------
Melee: Flail             |   183 |    52 ||   235
  Use: Scroll            |       |     2 ||     2
Armor: Robe              |   109 |    23 ||   132
Dodge: Dodged            |   119 |    24 ||   143
Block: Kite shield       |   112 |    39 ||   151

Table legend: (Time is in decaauts)
 A = Elapsed time spent in this place.
 B = Non-inter-level travel time spent in this place.
 C = Inter-level travel time spent in this place.
 D = Time resting spent in this place.
 E = Time spent auto-exploring this place.
 F = Levels seen in this place.
 G = Mean time per level.
                   A        B        C        D        E       F      G
               +--------+--------+--------+--------+--------+-----+--------+
         Total |   1674 |   1656 |     18 |      0 |    799 |   2 |  837.0 |
       Dungeon |   1674 |   1656 |     18 |      0 |    799 |   2 |  837.0 |
               +--------+--------+--------+--------+--------+-----+--------+

Top non-repeatable levels by time:
     D:1: 1137 daAuts
     D:2: 536 daAuts
